 Dungeon Crawl Stone Soup version 0.18-a0-1040-g4865665 (webtiles) character file.

112 Leibowitz the Sneak (level 4, -1/36 HPs)
             Began as a Demigod Assassin on Jan 10, 2016.
             Slain by a goblin
             ... wielding a +0 club
              (4 damage)
             ... on level 3 of the Dungeon.
             The game lasted 00:06:40 (1675 turns).

Leibowitz the Sneak (Demigod Assassin)              Turns: 1675, Time: 00:06:40

Health: -1/36      AC:  3    Str: 14    XL:     4   Next: 37%
Magic:  6/6        EV: 13    Int: 15    God:
Gold:   87         SH:  0    Dex: 19    Spells: 0 memorised, 3 levels left

rFire  . . .     SeeInvis .     a - +2 short sword (flame)
rCold  . . .     Gourm    .     c - +0 robe
rNeg   . . .     Faith    .     (no shield)
rPois  .         Spirit   .     h - +0 helmet
rElec  .         Dismiss  .     d - +0 cloak
rCorr  +         Reflect  .     (no gloves)
SustAt +         Harm     .     (no boots)
MR     .....                    (no amulet)
Stlth  +++.......               m - ring of resist corrosion
                                l - ring of wizardry

@: not resistant to hostile enchantments, fairly stealthy
A: claws 1, deformed body, high mp 1, sustain attributes
a: no special abilities


You were on level 3 of the Dungeon.
You were hungry.

You visited 1 branch of the dungeon, and saw 3 of its levels.

You collected 87 gold pieces.

Inventory:

Hand Weapons
 a - a +2 short sword of flaming (weapon)
 b - a +0 blowgun
 w - a +2 dagger
Missiles
 e - 8 poisoned needles
 f - 2 curare-tipped needles
Armour
 c - a +0 robe (worn)
 d - a +0 cloak (worn)
 h - a +0 helmet (worn)
Jewellery
 l - a ring of wizardry (left claw)
 m - a ring of resist corrosion (right claw)
Scrolls
 i - a scroll of fear {unknown}
 k - 2 scrolls of noise {unknown}
 o - a scroll of enchant armour {unknown}
 q - 2 scrolls of random uselessness {unknown}
 r - 2 scrolls of identify {unknown}
 s - a scroll of teleportation {unknown}
 t - a scroll of immolation {unknown}
 v - a scroll of fog {unknown}
Comestibles
 g - 2 bread rations
 j - 5 meat rations
 n - 2 beef jerkies
 x - 3 fruits


   Skills:
 * Level 2.1 Fighting
 + Level 2.0 Short Blades
 + Level 1.8 Throwing
 * Level 0.8 Armour
 * Level 1.8 Dodging
 * Level 4.9 Stealth


You had 3 spell levels left.
You didn't know any spells.

Dungeon Overview and Level Annotations

Branches:
Dungeon (3/15)

Annotations:
D:2 1 runed door


Innate Abilities, Weirdness & Mutations

You have an increased reservoir of magic (+10% MP).
Your attributes are resistant to harm.
You have sharp fingernails.
Armour fits poorly on your strangely shaped body.


Message History

The goblin misses you.
Drink which item? (? for menu, Esc to quit)
It was a potion of curing.
You feel better. The giant gecko closely misses you.
The adder closely misses you. The goblin closely misses you.
You closely miss the adder.
The adder is heavily wounded.
The giant gecko bites you but does no damage.
The adder closely misses you. The goblin hits you with a club.
The giant gecko misses you. The adder bites you.
* * * LOW HITPOINT WARNING * * *
You hit the adder. You burn the adder.
You kill the adder!
The giant gecko bites you.
* * * LOW HITPOINT WARNING * * *
The goblin hits you with a club.
* * * LOW HITPOINT WARNING * * *
You completely miss the giant gecko. The giant gecko misses you.
You hit the giant gecko but do no damage.
The goblin hits you with a club.
You die...

####. #.... #....###
###....$.. .........#
.........#
......>..######
####.........@g..##
#...........l........
#.##.#...#.#####.##..
#.##.##.##.#####.#.
#.##...............
#.##..#.##.#####.#.
#.##.....#.......#
#<..........####.#
#))......##.####.##


You could see a giant gecko and a goblin.

Vanquished Creatures
  Robin (D:2)
  2 adders
  An ooze (D:2)
  2 worms (D:2)
  2 giant geckos
  3 orcs (D:3)
  A giant cockroach (D:1)
  15 goblins
  11 hobgoblins
  2 jackals (D:2)
  7 kobolds
  2 quokkas (D:2)
  3 bats
  5 giant newts
  A goblin zombie (D:2)
  A jackal zombie (D:2)
  A kobold zombie (D:2)
  2 rats
62 creatures vanquished.

Notes
Turn   | Place    | Note
--------------------------------------------------------------
     0 | D:1      | Leibowitz the Demigod Assassin began the quest for the Orb.
     0 | D:1      | Reached XP level 1. HP: 17/17 MP: 3/3
    10 | D:1      | Reached skill level 1 in Dodging
    82 | D:1      | Reached skill level 4 in Stealth
   204 | D:1      | Reached XP level 2. HP: 19/24 MP: 4/4
   724 | D:2      | Reached XP level 3. HP: 25/29 MP: 5/5
   775 | D:2      | Noticed Robin
  1047 | D:2      | Killed Robin
  1095 | D:2      | Found an ancient bone altar of Kikubaaqudgha.
  1203 | D:2      | Found a runed door.
  1203 | D:2      | Noticed a human
  1214 | D:2      | Found a basalt altar of Yredelemnul.
  1264 | D:2      | Reached XP level 4. HP: 36/36 MP: 6/6
  1470 | D:2      | Found a white marble altar of Elyvilon.
  1670 | D:3      | Gained mutation: Armour fits poorly on your strangely shaped body. [potion of mutation]
  1670 | D:3      | Gained mutation: You have sharp fingernails. [potion of mutation]
  1675 | D:3      | Slain by a goblin

Vault maps used:
D:1:      roderic_chinese_lattice_arrival
D:2:      nicolae_overflow_hidden_temple, lemuel_crystal_altar,
          hangedman_glass_teeth, dk_yredelemnul_ordeal, uniq_robin

Action                   |  1- 3 |  4- 6 || total
-------------------------+-------+-------++-------
Melee: Dagger            |   127 |       ||   127
       Short sword       |     2 |    48 ||    50
 Fire: Blowgun           |     3 |       ||     3
  Use: Potion            |     1 |     2 ||     3
 Stab: Sleeping          |     8 |       ||     8
  Eat: Chunk             |     1 |     1 ||     2
